 Dungeon Crawl Stone Soup version 0.31-a0-188-g5e087ee2ca (webtiles) character file.

Game seed: 16834191207578714615

51 qw the Shooter (level 3, -2/20 HPs)
             Began as a Deep Elf Hunter on June 23, 2023.
             Slain by a goblin
             ... wielding a +0 club
             ... led by Robin
              (4 damage)
             ... on level 2 of the Dungeon.
             The game lasted 00:00:21 (817 turns).

qw the Shooter (Deep Elf Hunter)                     Turns: 817, Time: 00:00:21

Health: -2/20      AC:  3    Str: 10    XL:     3   Next: 58%
Magic:  5/5        EV: 17    Int: 13    God:
Gold:   69         SH:  5    Dex: 18    Spells: 2/2 levels left

rFire   . . .        f - +0 shortbow (heavy)
rCold   . . .        (shield currently unavailable)
rNeg    . . .        c - +0 leather armour
rPois   .            (no helmet)
rElec   .            (no cloak)
rCorr   .            (no gloves)
SInv    .            (no boots)
Will    .....        d - amulet of reflection
Stlth   ++           h - +5 ring of evasion
HPRegen 0.23/turn    (no ring)
MPRegen 0.09/turn

%: reflection
@: no status effects
A: no striking features
a: no special abilities


You were on level 2 of the Dungeon.
You visited 1 branch of the dungeon, and saw 2 of its levels.

You collected 69 gold pieces.


   Skills:
 - Level 1.5 Fighting
 + Level 7.1 Ranged Weapons
 - Level 2.4 Dodging
 - Level 1.2 Stealth


You had 2 spell levels left.
You didn't know any spells.
Your spell library was empty.

Inventory:

Hand Weapons
 f - a +0 heavy shortbow (weapon)
Armour
 c - a +0 leather armour (worn)
Jewellery
 d - an amulet of reflection (around neck)
 h - a +5 ring of evasion (left hand)
Scrolls
 i - a scroll of identify
Potions
 g - a potion of mutation {unknown}
 l - a potion of haste {unknown}

Dungeon Overview and Level Annotations

Branches:
Dungeon (2/15)

Altars:
Wu Jian

Annotations:
D:2 Robin


Message History

The goblin barely misses you.
A goblin comes into view. It is wielding a +0 dagger.
You block the hobgoblin's attack. The goblin completely misses you.
You shoot an arrow. The arrow closely misses the hobgoblin.
The hobgoblin misses you. You block Robin's attack.
The goblin hits you but does no damage. Robin misses you.
The hobgoblin completely misses you. The goblin closely misses you.
You shoot an arrow. The arrow hits the hobgoblin!!
You kill the hobgoblin!
Robin completely misses you. The goblin hits you with a +0 club.
A goblin comes into view. It is wielding a +0 dagger.
The hobgoblin hits you but does no damage.
Robin completely misses you.
You shoot an arrow. The arrow hits the hobgoblin.
The hobgoblin is heavily wounded.
The goblin misses you. Robin closely misses you.
The hobgoblin closely misses you. The goblin hits you but does no damage.
You shoot an arrow. The arrow barely misses the hobgoblin.
The arrow hits the goblin!
You kill the goblin!
The hobgoblin misses you. Robin barely misses you.
The goblin closely misses you. The hobgoblin hits you.
Robin throws the goblin at you!
You shoot an arrow. The arrow hits the hobgoblin.
You kill the hobgoblin!
The goblin completely misses you. The goblin barely misses you.
The hobgoblin closely misses you. You block Robin's attack.
The goblin hits you with a +0 club.
You shoot an arrow. The arrow barely misses the goblin.
The arrow hits the goblin!
You kill the goblin!
You block the goblin's attack. The goblin barely misses you.
You block Robin's attack. The hobgoblin misses you.
The goblin hits you with a +0 club.
The hobgoblin hits you but does no damage.
Robin misses you. The goblin barely misses you. x2
You shoot an arrow. The arrow hits the goblin!!
You kill the goblin!
The goblin hits you with a +0 club.
You die...

###.......# #.#
..........# #.#######
..........###.#...... .
....###'####......... ..
....# #.#####.#.#####...
....###............)....
..^.+..........>#.)%..
....###.##..###.#)g##...
...(# #.#.......@g.....#
....# #.#......g#g.##..#
#######......##.#..#
.....................
#######...............
.....[...#..............
..#<....................
#.##.###........#...#...
#.##.# ..


You could see Robin, a hobgoblin (strong) and 2 goblins.

Vanquished Creatures
  A gnoll (D:1)
  An adder (D:2)
  3 ball pythons (D:1)
  3 bats
  3 endoplasms (D:1)
  6 goblins
  5 hobgoblins
  3 quokkas (D:1)
  A frilled lizard (D:1)
  5 rats
31 creatures vanquished.

Notes
Turn   | Place    | Note
-------+----------+-------------------------------------------
     0 | D:1      | qw the Deep Elf Hunter began the quest for the Orb.
     0 | D:1      | Reached XP level 1. HP: 12/12 MP: 3/3
     0 | D:1      | 0 ||| qw: Version: 0.3-a-9-g12657ce
     0 | D:1      | 0 ||| qw: Game counter: 3174
     0 | D:1      | 0 ||| qw: Always use a shield: true
     0 | D:1      | 0 ||| qw: God list: Okawaru
     0 | D:1      | 0 ||| qw: Allow faded altars: false
     0 | D:1      | 0 ||| qw: Do Orc after D:15 true
     0 | D:1      | 0 ||| qw: Do second Lair branch before Depths: true
     0 | D:1      | 0 ||| qw: Lair rune preference: random
     0 | D:1      | 0 ||| qw: Plans: Normal
     0 | D:1      | 0 ||| PLANNING D:1-11
    44 | D:1      | Reached skill level 6 in Ranged Weapons
    44 | D:1      | Reached XP level 2. HP: 13/16 MP: 4/4
   361 | D:1      | Reached XP level 3. HP: 20/20 MP: 5/5
   396 | D:1      | Found a faded altar of an unknown god.
   610 | D:1      | 610 ||| UPGRADING to amulet of reflection.
   615 | D:1      | 615 ||| UPGRADING to +5 ring of evasion.
   616 | D:1      | 616 ||| READING scroll labelled VIOSOI WINAYBB.
   617 | D:1      | 617 ||| READING 2 scrolls labelled BOPPAS ISIACW.
   618 | D:1      | 618 ||| READING scroll labelled UNICODOALL.
   619 | D:1      | 619 ||| READING scroll labelled HIONKA BIHA.
   623 | D:1      | 623 ||| READING scroll labelled IKKEUNL MIHOLL.
   724 | D:1      | 724 ||| READING scroll labelled MOWUBR QOCLUPU.
   725 | D:1      | 725 ||| DROPPING scroll of butterflies.
   741 | D:2      | Found an ornate altar of the Wu Jian Council.
   804 | D:2      | Reached skill level 7 in Ranged Weapons
   808 | D:2      | Noticed Robin
   815 | D:2      | HP: 4/20 [goblin/+0 club[Robin] (5)]
   817 | D:2      | Slain by a goblin

Levels and vault maps discovered:
D:1:      kennysheep_arrival_forest, layout_rooms,
          shapermc_ecumenical_altar_flowoftime
D:2:      layout_basic, basic_altar, uniq_sigmund, uniq_robin

Skill      XL: |  1  2  3 |
---------------+----------+-----
Ranged Weapons | 6 7 |  7.1
Fighting       | |  1.5
Dodging        | |  2.4
Stealth        | |  1.2

Action                     || total
---------------------------++-------
   Fire: Shortbow          ||    73
    Use: Scroll            ||     6
 Armour: Leather armour    ||     7
  Dodge: Dodged            ||    34
  Block: Other             ||     8
         Reflection        ||     1

Table legend:
 A = Non-vault XP
 B = Vault XP
 C = Vault XP percentage of total XP
 D = Non-vault monster count
 E = Vault monster count
 F = Vault count percentage of total count
                 A         B        C        D         E       F
            +---------+---------+-------+---------+---------+-------
      Total |      63 |      13 |  17.1 |      24 |       7 |  22.6
            +---------+---------+-------+---------+---------+-------
        D:1 |      46 |       0 |   0.0 |      20 |       0 |   0.0
        D:2 |      17 |      13 |  43.3 |       4 |       7 |  63.6
            +---------+---------+-------+---------+---------+-------
